 Dungeon Crawl Stone Soup version 0.29-a0-1016-g236c7fd91e (webtiles) character file.

Game seed: 17304067005932162077

84 siradein the Trooper (level 4, -2/41 HPs)
             Began as a Hill Orc Fighter on Aug 9, 2022.
             Slain by Sigmund
             ... wielding a +4 scythe of protection
              (8 damage)
             ... on level 3 of the Dungeon.
             The game lasted 00:02:44 (2413 turns).

siradein the Trooper (Hill Orc Fighter)             Turns: 2413, Time: 00:02:45

Health: -2/41      AC:  7    Str: 20    XL:     4   Next: 46%
Magic:  4/4        EV:  9    Int:  8    God:
Gold:   139        SH:  9    Dex: 10    Spells: 3/3 levels left

rFire   . . .      SeeInvis .   a - +0 war axe
rCold   . . .      Faith    .   c - +0 buckler
rNeg    . . .      Spirit   .   b - +0 scale mail
rPois   .          Reflect  +   (no helmet)
rElec   .          Harm     .   (no cloak)
rCorr   .          Rampage  .   (no gloves)
Will    .....                   (no boots)
Stlth   ..........              h - amulet of reflection
HPRegen 0.13/turn               (no ring)
MPRegen 0.09/turn               (no ring)

@: mighty
A: no striking features
a: no special abilities


You were on level 3 of the Dungeon.
You visited 1 branch of the dungeon, and saw 3 of its levels.

You collected 139 gold pieces.

Inventory:

Hand Weapons
 a - a +0 war axe (weapon)
Armour
 b - a +0 scale mail (worn)
 c - a +0 buckler (worn)
Jewellery
 h - an amulet of reflection (around neck)
Scrolls
 e - a scroll of torment
 f - 2 scrolls of poison
 i - a scroll of butterflies {unknown}
 k - a scroll of enchant armour {unknown}
 l - 3 scrolls of teleportation
 m - a scroll of amnesia {unknown}
Potions
 j - 2 potions of invisibility


   Skills:
 + Level 4.3 Fighting
 + Level 3.8 Axes
 + Level 4.0 Armour
 + Level 4.0 Shields


You had 3 spell levels left.
You didn't know any spells.
Your spell library was empty.

Dungeon Overview and Level Annotations

Branches:
Dungeon (3/15)

Altars:

Annotations:
D:3 Sigmund, Terence


Message History

An adder is nearby!
Terence the Incautious comes into view.
He is wielding a +1 vorpal hand axe and carrying a wand of light (12).
Terence shouts!
You block the adder's attack.
You barely miss the adder.
Sigmund the Dreaded comes into view.
He is wielding a +4 scythe of protection and wearing a +2 robe of fire resistance.
You block the adder's attack.
You slash the adder!
You kill the adder!
Sigmund casts a spell.
Sigmund flickers and vanishes!
Deactivating autopickup; reactivate with Ctrl-A.
Your Shields skill increases to level 4!
You barely miss Terence. Terence hits you but does no damage.
You barely miss Terence. You block something's attack.
Terence drinks a potion.
Terence seems to grow stronger.
Terence zaps a wand.
The bolt of light hits you.
You are confused.
Okay, then.
Something hits you but does no damage. Terence barely misses you.
You feel less confused. Something hits you.
Terence zaps a wand.
The bolt of light hits you!
You are confused.
Terence barely misses you. Something hits you. Terence barely misses you.
You feel less confused. Something hits you.
Terence screams, "I want your blood!" You block Terence's attack.
Terence hits you with a +1 vorpal hand axe.
* * * LOW HITPOINT WARNING * * *
You feel very mighty all of a sudden. Something hits you.
* * * LOW HITPOINT WARNING * * *
Terence zaps a wand.
The bolt of light hits you.
* * * LOW HITPOINT WARNING * * *
You hit Terence.
Terence is moderately wounded.
Something hits you!
You die...

#......................
#.######.##≈≈≈≈≈≈≈≈≈≈≈≈≈
#.##.#P.#..#PP##≈
#.....PP...PP.# #
#.#...........#
#.####### #.# ####.###.#
.....{@@.# ####.#####


You could see Terence (strong).

Vanquished Creatures
  2 adders (D:3)
  3 worms (D:2)
  A dart slug (D:1)
  2 ball pythons
  7 endoplasms
  A giant cockroach (D:2)
  3 goblins (D:1)
  6 hobgoblins
  8 jackals
  3 kobolds
  2 quokkas
  6 bats
  2 frilled lizards (D:1)
  3 rats (D:2)
49 creatures vanquished.

Vanquished Creatures (others)
  6 plants
6 creatures vanquished.

Grand Total: 55 creatures vanquished

Notes
Turn   | Place    | Note
-------+----------+-------------------------------------------
     0 | D:1      | siradein the Hill Orc Fighter began the quest for the Orb.
     0 | D:1      | Reached XP level 1. HP: 19/19 MP: 1/1
    85 | D:1      | Reached XP level 2. HP: 23/27 MP: 2/2
   617 | D:1      | Reached XP level 3. HP: 33/33 MP: 3/3
  1898 | D:2      | Reached XP level 4. HP: 39/40 MP: 4/4
  2401 | D:3      | Noticed Terence
  2402 | D:3      | Noticed Sigmund
  2413 | D:3      | Slain by Sigmund

Illustrated notes

Levels and vault maps discovered:
D:1:      tarquinn_simple_flora_water_f, layout_basic, serial_glass,
          glass_columns_b, glass_columns_c
D:2:      layout_loops_ring, serial_forest, infiniplex_forest_lined_1,
          infiniplex_forest_lined_corner, infiniplex_forest_lined_2,
          infiniplex_forest_end_2, infiniplex_forest_straight_3,
          infiniplex_forest_corner_2, infiniplex_forest_clump_diagonal,
          infiniplex_forest_clump_double, infiniplex_forest_clump_large,
          infiniplex_forest_clump_cross
D:3:      layout_basic, nicolae_elyvilon_temple_path, uniq_jessica,
          uniq_terence, uniq_sigmund

Skill      XL: |  1  2  3  4 |
---------------+-------------+-----
Axes           | 3 |  3.8
Fighting       | 4 |  4.3
Armour         | 4 |  4.0
Shields        | 4 |  4.0

Action                   |  1- 3 |  4- 6 || total
-------------------------+-------+-------++-------
Melee: War axe           |    89 |    24 ||   113
  Use: Scroll            |       |     4 ||     4
       Potion            |       |     1 ||     1
Armor: Scale mail        |    60 |     8 ||    68
Dodge: Dodged            |    47 |     6 ||    53
Block: Buckler           |    36 |    11 ||    47

Table legend: (Time is in decaauts)
 A = Elapsed time spent in this place.
 B = Non-inter-level travel time spent in this place.
 C = Inter-level travel time spent in this place.
 D = Time resting spent in this place.
 E = Time spent auto-exploring this place.
 F = Levels seen in this place.
 G = Mean time per level.
                   A        B        C        D        E       F      G
               +--------+--------+--------+--------+--------+-----+--------+
         Total |   2453 |   2426 |     27 |      0 |   2096 |   3 |  817.7 |
       Dungeon |   2453 |   2426 |     27 |      0 |   2096 |   3 |  817.7 |
               +--------+--------+--------+--------+--------+-----+--------+

Top non-repeatable levels by time:
     D:1: 1132 daAuts
     D:2: 1130 daAuts
     D:3: 191 daAuts
